 Dungeon Crawl Stone Soup version 0.28.0-49-g6dfe1f597d (webtiles) character file.

Game seed: 10883022336806125208

3102 Exodus22XD the Cleaver (level 9, -4/71 HPs)
             Began as a Minotaur Fighter on May 20, 2022.
             Was an Elder of Hepliaklqana.
             Shot with a bolt by a tengu warrior (29 damage)
             ... on level 8 of the Dungeon.
             The game lasted 00:05:49 (5366 turns).

Exodus22XD the Cleaver (Minotaur Fighter)           Turns: 5366, Time: 00:05:49

Health: -4/71      AC: 10    Str: 25    XL:     9   Next: 59%
Magic:  12/12      EV: 13    Int:  5    God:    Hepliaklqana [****..]
Gold:   341        SH: 10    Dex: 10    Spells: 8/8 levels left

rFire   . . .      SeeInvis .   B - +1 broad axe (venom)
rCold   . . .      Faith    .   c - +0 buckler
rNeg    . . .      Spirit   .   o - +2 scale mail {rPois}
rPois   +          Reflect  +   (helmet restricted)
rElec   .          Harm     .   (no cloak)
rCorr   .          Rampage  .   (no gloves)
Will    +....                   (no boots)
Stlth   ..........              y - amulet of reflection
HPRegen 0.21/turn               k - ring of willpower
MPRegen 0.13/turn               h - +4 ring of evasion

@: no status effects
A: reduced essence, horns 2, retaliatory headbutt
a: Renounce Religion, Recall Ancestor, Ancestor Identity, Transference, Idealise


You were on level 8 of the Dungeon.
You worshipped Hepliaklqana.
Hepliaklqana was greatly pleased with you.
You visited 1 branch of the dungeon, and saw 8 of its levels.

You collected 341 gold pieces.

Inventory:

Hand Weapons
 a - a +0 war axe
 B - a +1 broad axe of venom (weapon)
Armour
 c - a +0 buckler (worn)
 o - a +2 scale mail of poison resistance (worn)
Jewellery
 h - a +4 ring of evasion (right hand)
 k - a ring of willpower (left hand)
 y - an amulet of reflection (around neck)
Wands
 i - a wand of flame (40)
 s - a wand of mindburst (12)
 u - a wand of iceblast (7)
Scrolls
 b - 3 scrolls of identify {unknown}
 f - 2 scrolls of silence {unknown}
 g - 2 scrolls of blinking {unknown}
 p - a scroll of enchant weapon {unknown}
 q - 2 scrolls of summoning {unknown}
 r - 2 scrolls of immolation {unknown}
 t - a scroll of brand weapon {unknown}
 w - a scroll of holy word {unknown}
 x - a scroll of teleportation {unknown}
 z - a scroll of amnesia {unknown}
 A - a scroll of fear {unknown}
 C - a scroll of vulnerability {unknown}
Potions
 d - 6 potions of might
 e - 2 potions of cancellation {unknown}
 j - 3 potions of haste {unknown}
 l - a potion of magic {unknown}
 m - 2 potions of curing {unknown}
 n - 2 potions of heal wounds {unknown}
 v - 2 potions of attraction {unknown}


   Skills:
 + Level 7.1 Fighting
 + Level 10.5 Axes
 + Level 7.8 Armour
 + Level 5.6 Shields
 * Level 5.8 Invocations


You had 8 spell levels left.
You didn't know any spells.
Your spell library was empty.

Dungeon Overview and Level Annotations

Branches:
Dungeon (8/15)             Temple (0/1) D:4
   Lair: D:8-11

Altars:
Hepliaklqana
The Shining One

Shops:
D:3 [   D:7 (


Innate Abilities, Weirdness & Mutations

Your life essence is reduced to manifest your ancestor. (-10% HP)
You have a pair of horns on your head.
You reflexively headbutt those who attack you in melee.


Message History

A kobold is wielding a +0 short sword of electrocution and quivering poisoned darts.
The kobold shouts! x3; You hear a shout!
The kobold throws a stone.
You reflect the stone off an invisible shield around you!
The stone hits the kobold.
The kobold throws a stone.
The stone hits you but does no damage.
The kobold throws a stone.
The stone barely misses you.
A kobold comes into view. It is wielding a +0 dagger.
Ingiyab hits the kobold brigand with a +0 dagger of draining.
The kobold brigand throws a poisoned dart.
The poisoned dart hits you!
You are poisoned.
The kobold throws a stone.
You reflect the stone off an invisible shield around you!
The stone barely misses the kobold.
You feel very sick.
Ingiyab hits the kobold brigand but does no damage.
Ingiyab drains the kobold brigand.
The kobold brigand throws a poisoned dart.
The poisoned dart hits you!
You feel sick.
Ingiyab barely misses the kobold brigand.
You feel sick.
Ingiyab hits the kobold with a +0 dagger of draining!
The kobold dies!
You feel sick.
You feel sick.
You feel sick.
You feel sick.
You feel sick.
You are no longer poisoned.
The kobold brigand throws a poisoned dart.
The poisoned dart completely misses you.
The kobold brigand throws a poisoned dart.
You reflect the poisoned dart off an invisible shield around you!
The poisoned dart barely misses the kobold brigand.
The poisoned dart closely misses the kobold.
Ingiyab has departed this plane of existence.
The tengu warrior shoots a bolt.
The bolt hits you!!
You die...

#.......... #.# # ..
#......##.###.#.#.K.##
#......##.##..#.#....#
#...................[#
#.............#.##..K#####
#.............#.##..K....#
#..<...##.#........K.K...#
#......##.##..######.#...#
#......##@###.#....KKR....
#......##.....#.####.#...#
..|....##.....##K##........
#.#.............#K##........
#.#.######.)....#.##........
# #.#....)....#.#.##........
#...).....#Q#.##........
#...).....#.#.##........
#..))..............#..##


You could see a tengu warrior.

Vanquished Creatures
  2 centaur zombies
  Maggie (D:7)
  The ghost of Descartes the Grasshopper, an amateur FoWr (D:5)
  An acid dragon (D:5)
  An ice beast (D:6)
  3 sky beasts
  A necrophage (D:6)
  An ogre (D:3)
  2 orc warriors
  A centaur (D:7)
  A phantom (D:6)
  A bullfrog (D:4)
  2 scorpions (D:6)
  A water moccasin skeleton (D:5)
  2 howler monkeys
  3 bullfrog zombies
  2 hounds
  Ijyb (D:3)
  A jelly (D:6)
  2 orc priests (D:8)
  2 bullfrog skeletons
  3 centaur skeletons
  Jessica (D:2)
  An iguana (D:5)
  An orc wizard (D:8)
  A scorpion zombie (D:5)
  A killer bee zombie (D:6)
  A hound skeleton (D:5)
  Robin (D:2)
  4 gnolls (D:7)
  A howler monkey skeleton (D:7)
  6 adders
  An adder zombie (D:5)
  An adder skeleton (D:4)
  A worm (D:3)
  2 dart slugs
  9 orcs
  6 endoplasms
  A giant cockroach (D:1)
  9 goblins
  9 hobgoblins
  4 quokkas
  13 ball pythons
  4 bats
  3 frilled lizards
  5 kobolds
  5 rats
126 creatures vanquished.

Vanquished Creatures (collateral kills)
  A sky beast (D:7)
  A bullfrog (D:7)
  A centaur zombie (D:4)
  2 hounds
  An iguana (D:5)
  An orc wizard (D:8)
  2 orcs (D:3)
  A ball python (D:4)
  An endoplasm (D:3)
  A giant cockroach (D:3)
  3 goblins
  A hobgoblin (D:4)
  3 kobolds
  A quokka (D:5)
20 creatures vanquished.

Vanquished Creatures (others)
  A hexer (D:8)
  An ancestor (D:1)
2 creatures vanquished.

Grand Total: 148 creatures vanquished

Notes
Turn   | Place    | Note
-------+----------+-------------------------------------------
     0 | D:1      | Exodus22XD the Minotaur Fighter began the quest for the
                  | Orb.
     0 | D:1      | Reached XP level 1. HP: 19/19 MP: 0/0
    82 | D:1      | Reached XP level 2. HP: 24/27 MP: 1/1
   128 | D:1      | Found a faded altar of an unknown god.
   136 | D:1      | Prayed at the altar of an unknown god.
   136 | D:1      | Became a worshipper of Hepliaklqana the Forgotten
   136 | D:1      | Reached * piety under Hepliaklqana
   472 | D:1      | Reached XP level 3. HP: 29/29 MP: 2/2
   714 | D:2      | Noticed Robin
   726 | D:2      | Reached skill level 3 in Axes
   743 | D:2      | Reached skill level 1 in Invocations
   746 | D:2      | Killed Robin
   748 | D:2      | Reached XP level 4. HP: 11/36 MP: 3/3
  1025 | D:2      | Reached ** piety under Hepliaklqana
  1026 | D:2      | Remembered your ancestor Ingiyab as a hexer
  1210 | D:2      | Noticed Jessica
  1213 | D:2      | Killed Jessica
  1412 | D:2      | You fall into a shaft and drop 1 floor!
  1427 | D:3      | Noticed Ijyb
  1444 | D:3      | Killed Ijyb
  1445 | D:3      | Reached skill level 4 in Axes
  1445 | D:3      | Reached XP level 5. HP: 3/42 MP: 5/5
  1810 | D:3      | Noticed an ogre
  1816 | D:3      | Killed an ogre
  2050 | D:3      | Found Rawn's Antique Armour Boutique.
  2059 | D:3      | Reached skill level 5 in Armour
  2268 | D:4      | Reached XP level 6. HP: 46/47 MP: 6/6
  2303 | D:4      | Reached skill level 5 in Axes
  2541 | D:4      | Found a staircase to the Ecumenical Temple.
  2550 | D:4      | Reached XP level 7. HP: 54/54 MP: 8/8
  2574 | D:4      | Reached skill level 6 in Axes
  2723 | D:5      | Entered Level 5 of the Dungeon
  2737 | D:5      | Reached *** piety under Hepliaklqana
  2743 | D:5      | Reached skill level 5 in Fighting
  2834 | D:5      | Found a runed translucent door.
  2835 | D:5      | Noticed Descartes's ghost (amateur FoWr)
  3213 | D:5      | Reached skill level 7 in Axes
  3336 | D:5      | Found a glowing golden altar of the Shining One.
  3529 | D:5      | Killed Descartes's ghost
  3530 | D:5      | Reached XP level 8. HP: 53/62 MP: 9/9
  3743 | D:6      | Reached skill level 8 in Axes
  4053 | D:6      | Reached skill level 9 in Axes
  4447 | D:7      | Reached XP level 9. HP: 70/70 MP: 11/11
  4480 | D:7      | Reached **** piety under Hepliaklqana
  4486 | D:7      | Reached skill level 5 in Invocations
  4684 | D:7      | Reached skill level 5 in Shields
  4859 | D:7      | Reached skill level 10 in Axes
  4872 | D:7      | Found Qestraqof's Weapon Shop.
  5026 | D:7      | Noticed Maggie
  5039 | D:7      | Killed Maggie
  5336 | D:8      | Noticed a tengu warrior
  5366 | D:8      | Shot with a bolt by a tengu warrior

Illustrated notes

Levels and vault maps discovered:
D:1:      dpeg_arrival_shrine, layout_rooms,
          shapermc_ecumenical_altar_totnotflames
D:2:      layout_basic, serial_glass, glass_columns_a, glass_columns_b,
          glass_columns_a, glass_columns_a, glass_columns_c, glass_columns_c,
          glass_columns_a, glass_columns_b, uniq_robin, uniq_jessica,
          uniq_crazy_yiuf_cottage
D:3:      layout_rooms, serial_shops, shop, due_unseen_surprise, uniq_ijyb
D:4:      layout_cave_pools, minmay_temple_entry_glassed_door
D:5:      layout_rooms, mainiacjoe_overflow_cross_hatched,
          ebering_ghost_reflecting_pool
D:6:      layout_loops_cross
D:7:      layout_basic, serial_shops, shop, uniq_maggie
D:8:      due_megacathedral, layout_basic

Skill      XL: |  1  2  3  4  5  6  7  8  9 |
---------------+----------------------------+-----
Shields        | 4 5 |  5.6
Armour         | 4 5 6 7 |  7.8
Fighting       | 4 5 6 7 |  7.1
Axes           | 3 4 5 7 9 10 | 10.5
Invocations    | 1 2 3 4 5 |  5.8

Action                   |  1- 3 |  4- 6 |  7- 9 || total
-------------------------+-------+-------+-------++-------
Melee: War axe           |    75 |    95 |   167 ||   337
       Headbutt          |    10 |    15 |    37 ||    62
       Broad axe         |       |       |     9 ||     9
Invok: Ancestor Life: He |       |     1 |       ||     1
       Recall Ancestor   |       |     1 |       ||     1
  Use: Potion            |       |       |     1 ||     1
 Stab: Confused          |       |     1 |       ||     1
       Distracted        |       |     1 |     2 ||     3
Armor: Scale mail        |     8 |    24 |    47 ||    79
       Plate armour      |    26 |    39 |       ||    65
Dodge: Dodged            |    25 |    51 |    77 ||   153
Block: Buckler           |    10 |    19 |    62 ||    91
       Reflection        |       |       |     7 ||     7
